| TOP OF THE 1ST |
|
Milwaukee Brewers batting - Pitching for St. Louis Cardinals : LHP Antonio Lacayo
|
|
Pitching: LHP Antonio Lacayo
|
|
|
Batting: RHB Akitada Nishizawa
|
0-0: Ball 1-0: Foul Ball, location: 2F 1-1: Fly out, F3 (Popup, 34, EV 59.4 MPH)
|
|
Batting: LHB Eric Klasek
|
0-0: Fly out, F8 (Flyball, 78XD, EV 105.0 MPH)
|
|
Batting: SHB Lewis Thorpe Jr.
|
0-0: Ball 1-0: Ball 2-0: Called Strike 2-1: Ball 3-1: Base on Balls
|
|
Batting: SHB Junzo Kato
|
0-0: SINGLE (Groundball, 4M, EV 86.2 MPH) (infield hit) Lewis Thorpe Jr. to second
|
|
Batting: RHB Dave Gonzalez
|
0-0: Called Strike 0-1: Called Strike 0-2: Foul Ball, location: 2F 0-2: Ball 1-2: Strikes out swinging
|
| Top of the 1st over - 0 runs, 1 hit, 0 errors, 2 left on base; Milwaukee 0 - St. Louis 0 |
| BOTTOM OF THE 1ST |
|
St. Louis Cardinals batting - Pitching for Milwaukee Brewers : LHP Dale Ahernfeld
|
|
Pitching: LHP Dale Ahernfeld
|
|
|
Batting: LHB Ichiro Toyota
|
0-0: Ball 1-0: Ball 2-0: Called Strike 2-1: Ball 3-1: Base on Balls
|
|
Batting: SHB Antoine Roux
|
0-0: Foul Ball, location: 2F 0-1: Called Strike 0-2: Ball 1-2: Ball 2-2: Ball 3-2: SINGLE (Line Drive, 9S, EV 92.5 MPH) Ichiro Toyota to second Ichiro Toyota to third
|
|
Batting: RHB Jordan Diaz
|
0-0: Ball 1-0: Grounds into double play, 6-4-3 (Groundball, 6, EV 93.8 MPH) Ichiro Toyota scores
|
|
Batting: SHB Chris Blue
|
0-0: Ball 1-0: Ball 2-0: Foul Ball, location: 2F 2-1: Called Strike 2-2: Strikes out swinging
|
| Bottom of the 1st over - 1 run, 1 hit, 0 errors, 0 left on base; Milwaukee 0 - St. Louis 1 |
| TOP OF THE 2ND |
|
Milwaukee Brewers batting - Pitching for St. Louis Cardinals : LHP Antonio Lacayo
|
|
Batting: RHB Daniel Donovan
|
0-0: Ball 1-0: Called Strike 1-1: Foul Ball, location: 2F 1-2: Strikes out swinging, 2-3 out at first.
|
|
Batting: RHB Ryan Neal
|
0-0: Ball 1-0: Fly out, F5 (Popup, 5S, EV 76.2 MPH)
|
|
Batting: RHB Kisho Ito
|
0-0: Ball 1-0: Ground out 4-3 (Groundball, 34, EV 86.9 MPH)
|
| Top of the 2nd over - 0 runs, 0 hits, 0 errors, 0 left on base; Milwaukee 0 - St. Louis 1 |
| BOTTOM OF THE 2ND |
|
St. Louis Cardinals batting - Pitching for Milwaukee Brewers : LHP Dale Ahernfeld
|
|
Batting: SHB Harry Hoop
|
0-0: Foul Ball, location: 2F 0-1: Called Strike 0-2: Ball 1-2: Strikes out swinging
|
|
Batting: LHB Billy Guzman
|
0-0: Ball 1-0: Ball 2-0: Foul Ball, location: 2F 2-1: Foul Ball, location: 2F 2-2: Foul Ball, location: 2F 2-2: Ball 3-2: Fly out, F7 (Flyball, 7LM, EV 83.8 MPH)
|
|
Batting: RHB Klaas Meij
|
0-0: Called Strike 0-1: Ball 1-1: Ground out 6-3 (Groundball, 6S, EV 67.5 MPH)
|
| Bottom of the 2nd over - 0 runs, 0 hits, 0 errors, 0 left on base; Milwaukee 0 - St. Louis 1 |
| TOP OF THE 3RD |
|
Milwaukee Brewers batting - Pitching for St. Louis Cardinals : LHP Antonio Lacayo
|
|
Batting: RHB Colin Boddy
|
0-0: Ball 1-0: Called Strike 1-1: Ball 2-1: Foul Ball, location: 2F 2-2: SINGLE (Groundball, 3D, EV 95.6 MPH)
|
|
Batting: RHB Akitada Nishizawa
|
0-0: Foul Ball, location: 2F 0-1: Ball 1-1: Grounds into double play, 6-4-3 (Groundball, 6S, EV 81.2 MPH)
|
|
Batting: LHB Eric Klasek
|
0-0: Hit by Pitch
|
|
Batting: SHB Lewis Thorpe Jr.
|
0-0: Called Strike 0-1: SINGLE (Groundball, 56D, EV 76.9 MPH) (infield hit) Eric Klasek to second
|
|
Batting: SHB Junzo Kato
|
0-0: Called Strike 0-1: Ball 1-1: Foul Ball, location: 2F 1-2: Ball 2-2: Strikes out swinging
|
| Top of the 3rd over - 0 runs, 2 hits, 0 errors, 2 left on base; Milwaukee 0 - St. Louis 1 |
| BOTTOM OF THE 3RD |
|
St. Louis Cardinals batting - Pitching for Milwaukee Brewers : LHP Dale Ahernfeld
|
|
Batting: LHB Pat Sutton
|
0-0: Ball 1-0: Called Strike 1-1: Foul Ball, location: 2F 1-2: Ball 2-2: Ball 3-2: Foul Ball, location: 2F 3-2: Strikes out swinging
|
|
Batting: LHB Armando Carbajal
|
0-0: Swinging Strike 0-1: Called Strike 0-2: Strikes out swinging
|
|
Batting: LHB Ichiro Toyota
|
0-0: Called Strike 0-1: Ball 1-1: Ball 2-1: Ball 3-1: Base on Balls
|
|
Batting: SHB Antoine Roux
|
0-0: Ball 1-0: Ball 2-0: Ball 3-0: Called Strike 3-1: Fielders Choice at 2nd, 5-4 (Groundball, 56, EV 85.6 MPH)
|
| Bottom of the 3rd over - 0 runs, 0 hits, 0 errors, 1 left on base; Milwaukee 0 - St. Louis 1 |
| TOP OF THE 4TH |
|
Milwaukee Brewers batting - Pitching for St. Louis Cardinals : LHP Antonio Lacayo
|
|
Batting: RHB Dave Gonzalez
|
0-0: Foul Ball, location: 2F 0-1: Ball 1-1: Swinging Strike 1-2: Foul Ball, location: 2F 1-2: Ball 2-2: Strikes out swinging
|
|
Batting: RHB Daniel Donovan
|
0-0: Called Strike 0-1: Ball 1-1: Ground out 4-3 (Groundball, 4D, EV 107.5 MPH)
|
|
Batting: RHB Ryan Neal
|
0-0: Fly out, F3 (Popup, 3S, EV 81.9 MPH)
|
| Top of the 4th over - 0 runs, 0 hits, 0 errors, 0 left on base; Milwaukee 0 - St. Louis 1 |
| BOTTOM OF THE 4TH |
|
St. Louis Cardinals batting - Pitching for Milwaukee Brewers : LHP Dale Ahernfeld
|
|
Batting: RHB Jordan Diaz
|
0-0: Ball 1-0: Swinging Strike 1-1: Foul Ball, location: 2F 1-2: Ball 2-2: Foul Ball, location: 2F 2-2: SINGLE (Line Drive, 6D, EV 102.5 MPH)
|
|
Batting: SHB Chris Blue
|
0-0: Called Strike 0-1: Grounds into double play, 4-6-3 (Groundball, 34, EV 104.4 MPH)
|
|
Batting: SHB Harry Hoop
|
0-0: Ball 1-0: Ball 2-0: Ball 3-0: Called Strike 3-1: Ground out 5-3 (Groundball, 56S, EV 86.2 MPH)
|
| Bottom of the 4th over - 0 runs, 1 hit, 0 errors, 0 left on base; Milwaukee 0 - St. Louis 1 |
| TOP OF THE 5TH |
|
Milwaukee Brewers batting - Pitching for St. Louis Cardinals : LHP Antonio Lacayo
|
|
Batting: RHB Kisho Ito
|
0-0: Called Strike 0-1: DOUBLE (Line Drive, 8LXD, EV 98.8 MPH)
|
|
Batting: RHB Colin Boddy
|
0-0: Ground out U3 (Groundball, 3, EV 92.5 MPH) Kisho Ito to third
|
|
Batting: RHB Akitada Nishizawa
|
0-0: Ground out 6-3 (Groundball, 6, EV 78.8 MPH)
|
|
Batting: LHB Eric Klasek
|
0-0: Called Strike 0-1: Fly out, F6 (Popup, 5D, EV 52.5 MPH)
|
| Top of the 5th over - 0 runs, 1 hit, 0 errors, 1 left on base; Milwaukee 0 - St. Louis 1 |
| BOTTOM OF THE 5TH |
|
St. Louis Cardinals batting - Pitching for Milwaukee Brewers : LHP Dale Ahernfeld
|
|
Batting: LHB Billy Guzman
|
0-0: Ball 1-0: Ground out U3 (Groundball, 3, EV 107.5 MPH)
|
|
Batting: RHB Klaas Meij
|
0-0: Fly out, F9 (Flyball, 89D, EV 101.9 MPH)
|
|
Batting: LHB Pat Sutton
|
0-0: Ground out 5-3 (Groundball, 5, EV 83.8 MPH)
|
| Bottom of the 5th over - 0 runs, 0 hits, 0 errors, 0 left on base; Milwaukee 0 - St. Louis 1 |
| TOP OF THE 6TH |
|
Milwaukee Brewers batting - Pitching for St. Louis Cardinals : LHP Antonio Lacayo
|
|
Batting: SHB Lewis Thorpe Jr.
|
0-0: Called Strike 0-1: Fly out, F8 (Line Drive, 8LD, EV 98.1 MPH)
|
|
Batting: SHB Junzo Kato
|
0-0: Ball 1-0: SINGLE (Groundball, 4MD, EV 103.1 MPH)
|
|
Batting: RHB Dave Gonzalez
|
0-0: Ball Wild Pitch! Junzo Kato to second 1-0: SINGLE (Line Drive, 8LS, EV 106.2 MPH) Junzo Kato to third Runner from 3rd tries for Home, SAFE, throw by CF to home
|
|
Batting: RHB Daniel Donovan
|
0-0: Called Strike 0-1: Ball 1-1: Ball 2-1: Swinging Strike 2-2: Ball 3-2: Base on Balls Dave Gonzalez to second
|
|
Batting: RHB Ryan Neal
|
0-0: Ball 1-0: Foul Ball, location: 2F 1-1: Ball 2-1: Ball 3-1: Base on Balls Dave Gonzalez to third Daniel Donovan to second
|
|
Batting: RHB Kisho Ito
|
0-0: Fly out, F7 (Flyball, 7LD, EV 83.8 MPH) Runner from 3rd tags up, SCORES, no throw by LF
|
|
Batting: RHB Colin Boddy
|
0-0: SINGLE (Flyball, 3D, EV 93.8 MPH) Daniel Donovan to third Ryan Neal to second Runner from 3rd tries for Home, throw by RF and OUT! 9-2
|
| Top of the 6th over - 2 runs, 3 hits, 0 errors, 2 left on base; Milwaukee 2 - St. Louis 1 |
| BOTTOM OF THE 6TH |
|
St. Louis Cardinals batting - Pitching for Milwaukee Brewers : LHP Dale Ahernfeld
|
|
Batting: LHB Armando Carbajal
|
0-0: SINGLE (Flyball, 9LS, EV 99.4 MPH) - OUT at second base trying to stretch hit.
|
|
Batting: LHB Ichiro Toyota
|
0-0: Ball 1-0: Ball 2-0: Foul Ball, location: 2F 2-1: Ground out U3 (Groundball, 3S, EV 79.4 MPH)
|
|
Batting: SHB Antoine Roux
|
0-0: SINGLE (Line Drive, 9LS, EV 100.6 MPH)
|
|
Batting: RHB Jordan Diaz
|
0-0: SINGLE (Line Drive, 6MD, EV 103.1 MPH) Antoine Roux to second Runner from 2nd tries for 3rd, OUT! 8-5
|
| Bottom of the 6th over - 0 runs, 3 hits, 0 errors, 1 left on base; Milwaukee 2 - St. Louis 1 |
| TOP OF THE 7TH |
|
Milwaukee Brewers batting - Pitching for St. Louis Cardinals : LHP Antonio Lacayo
|
|
Batting: RHB Akitada Nishizawa
|
0-0: Ground out 6-3 (Groundball, 6, EV 85.6 MPH)
|
|
Batting: LHB Eric Klasek
|
0-0: Fly out, F7 (Flyball, 7, EV 89.4 MPH)
|
|
Batting: SHB Lewis Thorpe Jr.
|
0-0: Swinging Strike 0-1: Ball 1-1: Called Strike 1-2: Strikes out swinging
|
| Top of the 7th over - 0 runs, 0 hits, 0 errors, 0 left on base; Milwaukee 2 - St. Louis 1 |
| BOTTOM OF THE 7TH |
|
St. Louis Cardinals batting - Pitching for Milwaukee Brewers : LHP Dale Ahernfeld
|
|
Batting: SHB Chris Blue
|
0-0: Called Strike 0-1: Ball 1-1: Swinging Strike 1-2: Ball 2-2: Ball 3-2: Base on Balls
|
|
Pitching: RHP Javy Uribe
|
|
|
Batting: SHB Harry Hoop
|
0-0: Ball 1-0: Ball 2-0: Called Strike 2-1: Called Strike 2-2: Ball 3-2: Ground out 4-3 (Groundball, 34, EV 101.2 MPH) Chris Blue to second
|
|
Batting: LHB Billy Guzman
|
0-0: Called Strike 0-1: Swinging Strike 0-2: Ball 1-2: Ball 2-2: Foul Ball, location: 2F 2-2: Fly out, F8 (Flyball, 8RD, EV 84.4 MPH) Runner from 2nd tags up, SAFE at 3rd with throw by CF
|
|
Batting: RHB Klaas Meij
|
0-0: Foul Ball, location: 2F 0-1: Ball 1-1: Ball 2-1: Ball 3-1: Base on Balls
|
|
Batting: LHB Pat Sutton
|
0-0: Ball 1-0: DOUBLE (Line Drive, 9LM, EV 93.1 MPH) Chris Blue scores Klaas Meij to third Runner from 3rd tries for Home, SAFE, throw by RF to home
|
|
Batting: LHB Armando Carbajal
|
0-0: Called Strike 0-1: 2-RUN HOME RUN (Line Drive, 8LXD, EV 109.4 MPH), Distance : 419 ft
|
|
Pitching: LHP Jamie Blake
|
|
|
Batting: LHB Ichiro Toyota
|
0-0: Ground out 3-1 (Groundball, 34, EV 88.8 MPH)
|
| Bottom of the 7th over - 4 runs, 2 hits, 0 errors, 0 left on base; Milwaukee 2 - St. Louis 5 |
| TOP OF THE 8TH |
|
Milwaukee Brewers batting - Pitching for St. Louis Cardinals : LHP Antonio Lacayo
|
|
Batting: SHB Junzo Kato
|
0-0: Called Strike 0-1: SINGLE (Groundball, 34D, EV 94.4 MPH)
|
|
Batting: RHB Dave Gonzalez
|
0-0: Ball 1-0: Foul Ball, location: 2F 1-1: Ball 2-1: Swinging Strike 2-2: Ball 3-2: Base on Balls Junzo Kato to second
|
|
Batting: RHB Daniel Donovan
|
0-0: Ball 1-0: Ground out U3 (Groundball, 34S, EV 73.8 MPH) Junzo Kato to third Dave Gonzalez to second
|
|
Batting: RHB Ryan Neal
|
0-0: Fly out, F9 (Flyball, 89M, EV 84.4 MPH) Runner from 3rd tags up, SCORES, throw by RF
|
|
Batting: RHB Kisho Ito
|
0-0: Called Strike 0-1: Foul Ball, location: 2F 0-2: Ball 1-2: Strikes out swinging
|
| Top of the 8th over - 1 run, 1 hit, 0 errors, 1 left on base; Milwaukee 3 - St. Louis 5 |
| BOTTOM OF THE 8TH |
|
St. Louis Cardinals batting - Pitching for Milwaukee Brewers : LHP Jamie Blake
|
|
Batting: SHB Antoine Roux
|
0-0: Called Strike 0-1: Swinging Strike 0-2: Ball 1-2: Hit by Pitch
|
|
Batting: RHB Jordan Diaz
|
0-0: Swinging Strike 0-1: Called Strike Antoine Roux steals 2nd base 0-2: Ball 1-2: Strikes out looking
|
|
Batting: SHB Chris Blue
|
0-0: Ball 1-0: Ball 2-0: Swinging Strike 2-1: Swinging Strike 2-2: Strikes out looking
|
|
Batting: SHB Harry Hoop
|
0-0: Ground out 5-3 (Groundball, 56, EV 104.4 MPH)
|
| Bottom of the 8th over - 0 runs, 0 hits, 0 errors, 1 left on base; Milwaukee 3 - St. Louis 5 |
| TOP OF THE 9TH |
|
Milwaukee Brewers batting - Pitching for St. Louis Cardinals : LHP Antonio Lacayo
|
|
Pitching: RHP Bryan Banana
|
|
|
Batting: RHB Colin Boddy
|
0-0: Ball 1-0: Ball 2-0: Called Strike 2-1: Called Strike 2-2: Fly out, F7 (Flyball, 7, EV 91.2 MPH)
|
|
Batting: RHB Akitada Nishizawa
|
0-0: Ball 1-0: Called Strike 1-1: Swinging Strike 1-2: Ground out 5-3 (Groundball, 56, EV 93.8 MPH)
|
|
Batting: LHB Eric Klasek
|
0-0: Ball 1-0: Foul Ball, location: 2F 1-1: Foul Ball, location: 2F 1-2: Ball 2-2: Ball 3-2: SINGLE (Line Drive, 8LS, EV 85.0 MPH)
|
|
Batting: SHB Lewis Thorpe Jr.
|
0-0: Called Strike 0-1: Ball 1-1: Ball 2-1: Ball 3-1: Base on Balls Eric Klasek to second
|
|
Batting: SHB Junzo Kato
|
0-0: Ground out 5-3 (Groundball, 56S, EV 86.9 MPH)
|
| Top of the 9th over - 0 runs, 1 hit, 0 errors, 2 left on base; Milwaukee 3 - St. Louis 5 |
|